 Dungeon Crawl Stone Soup version 0.27.1-3-gb3d3a73c9e (webtiles) character file.

Game seed: 17153501662643618548

100 Crownlay the Shield-Bearer (level 5, -1/42 HPs)
             Began as a Formicid Fighter on Oct 17, 2021.
             Slain by Crazy Yiuf (5 damage)
             ... while petrified by Crazy Yiuf
             ... on level 3 of the Dungeon.
             The game lasted 00:03:16 (2777 turns).

Crownlay the Shield-Bearer (Formicid Fighter)       Turns: 2777, Time: 00:03:16

Health: -1/42      AC:  8    Str: 21    XL:     5   Next: 3%
Magic:  5/5        EV:  2    Int:  8    God:
Gold:   75         SH:  0    Dex: 10    Spells: 4/4 levels left

rFire    . . .     SeeInvis +   a - +0 war axe
rCold    . . .     Faith    .   (no shield)
rNeg     + + +     Spirit   .   b - +0 scale mail
rPois    ∞         Reflect  .   (helmet unavailable)
rElec    .         Harm     .   (no cloak)
rCorr    .         Rampage  .   (no gloves)
Will     .....                  j - +0 pair of boots
Stlth    ..........             (no amulet)
HPRegen  0.14/turn              (no ring)
MPRegen  0.09/turn              (no ring)

@: lethally poisoned (-1 -> -1), petrified
A: permanent stasis, dig shafts and tunnels, antennae 3, four strong arms
a: Dig, Shaft Self


You were on level 3 of the Dungeon.
You visited 1 branch of the dungeon, and saw 3 of its levels.

You collected 75 gold pieces.

Inventory:

Hand Weapons
 a - a +0 war axe (weapon)
Missiles
 r - 8 curare-tipped darts
Armour
 b - a +0 scale mail (worn)
 c - a +0 kite shield
 j - a +0 pair of boots (worn)
Jewellery
 e - a ring of fire
 n - an amulet of reflection
Wands
 k - a wand of flame (12)
Scrolls
 h - a scroll of holy word {unknown}
 l - a scroll of identify {unknown}
 m - a scroll of immolation {unknown}
 o - a scroll of summoning {unknown}
 p - a scroll of acquirement {unknown}
 q - a scroll of teleportation {unknown}
Potions
 d - a potion of might
 f - a potion of lignification {unknown}
 g - a potion of berserk rage {unknown}
 i - a potion of heal wounds {unknown}


   Skills:
 + Level 4.1 Fighting
 * Level 3.4 Axes
 - Level 3.2 Armour
 + Level 4.6 Shields


You had 4 spell levels left.
You didn't know any spells.
Your spell library contained the following spells:

 Spells                   Type           Power      Damage    Failure   Level
 Stone Arrow              Conj/Erth      0%         3d7       98%         3
 Animate Armour           Summ/Erth      0%         N/A       100%        4
 Lehudib's Crystal Spear  Conj/Erth      0%         10d2      100%        8


Dungeon Overview and Level Annotations

Branches:
Dungeon (3/15)

Altars:

Annotations:
D:3 Crazy Yiuf


Innate Abilities, Weirdness & Mutations

You cannot be hasted, slowed, berserked, paralysed or teleported.
You can dig through walls and to a lower floor.
You have a pair of large antennae on your head. (SInv)
Your four strong arms can wield two-handed weapons with a shield.


Message History

The frilled lizard bites you but does no damage.
You hit the frilled lizard.
You kill the frilled lizard!
No target in view!
No target in view!
No target in view!
There is an open door here.
You see here 8 curare-tipped darts.
r - 8 curare-tipped darts
There is an open door here.
Found a mace.
Found a mace.
Found a mace.
Found a mace.
Found a runed translucent door.
Crazy Yiuf shouts!
You open the door. You completely miss Crazy Yiuf.
Crazy Yiuf hits you with a +3 quarterstaff of chaos!
You are slowing down.
Crazy Yiuf hits you with a +3 quarterstaff of chaos.
You easily resist.
You slash Crazy Yiuf!
Crazy Yiuf is heavily wounded.
Crazy Yiuf hits you with a +3 quarterstaff of chaos!
You are lethally poisoned!
Crazy Yiuf hits you with a +3 quarterstaff of chaos!
You have turned to stone.
Crazy Yiuf hits you with a +3 quarterstaff of chaos!
* * * LOW HITPOINT WARNING * * *
Crazy Yiuf burns you.
* * * LOW HITPOINT WARNING * * *
Crazy Yiuf hits you with a +3 quarterstaff of chaos!
* * * LOW HITPOINT WARNING * * *
Crazy Yiuf says, "Rot!
Shower eyeball spinner."
Crazy Yiuf hits you with a +3 quarterstaff of chaos!
* * * LOW HITPOINT WARNING * * *
Crazy Yiuf burns you.
* * * LOW HITPOINT WARNING * * *
Crazy Yiuf hits you with a +3 quarterstaff of chaos!
You die...

............#
#.#.
###.........#
#.#. #
#.........# #. #
###.####### #. #
#.# #. #.## #.
#..##### ###
##..).)## ###..)#
#......####@g...#
##......#..##...#
##..).#.### ###
########


You could see Crazy Yiuf.

Vanquished Creatures
  Robin (D:3)
  An adder (D:2)
  A worm (D:2)
  2 dart slugs (D:1)
  4 orcs (D:3)
  3 bats
  5 endoplasms
  3 giant cockroaches (D:2)
  12 goblins
  6 hobgoblins
  5 jackals (D:1)
  2 quokkas (D:1)
  4 ball pythons
  3 frilled lizards
  6 kobolds
  6 rats
64 creatures vanquished.

Notes
Turn   | Place    | Note
-------+----------+-------------------------------------------
     0 | D:1      | Crownlay the Formicid Fighter began the quest for the Orb.
     0 | D:1      | Reached XP level 1. HP: 18/18 MP: 1/1
   198 | D:1      | Reached XP level 2. HP: 24/24 MP: 2/2
   567 | D:1      | Reached XP level 3. HP: 24/30 MP: 3/3
  1187 | D:2      | Found a faded altar of an unknown god.
  1457 | D:2      | Reached XP level 4. HP: 34/37 MP: 4/4
  2314 | D:3      | Identified the +1 helmet of Reasonable Mirth {Harm rF+
                  | Dex+3}
  2314 | D:3      | Noticed Robin
  2332 | D:3      | Killed Robin
  2613 | D:3      | Reached XP level 5. HP: 42/42 MP: 5/5
  2767 | D:3      | Found a runed translucent door.
  2768 | D:3      | Noticed Crazy Yiuf
  2777 | D:3      | Slain by Crazy Yiuf

Illustrated notes

Levels and vault maps discovered:
D:1:      matt_arrival_grand_opening, layout_basic
D:2:      layout_loops_ring, basic_ecumenical_altar, minivault_27,
          minmay_misc_feat_enclosed
D:3:      layout_basic, mainiacjoe_overflow_brackets, tso_oasis_becter,
          nrook_uturn, uniq_crazy_yiuf_cottage, uniq_robin

Skill      XL: |  1  2  3  4 |
---------------+-------------+-----
Shields        | 4 |  4.6
Axes           | 3 |  3.4
Fighting       | 4 |  4.1
Armour         | |  3.2

Action                   |  1- 3 |  4- 6 || total
-------------------------+-------+-------++-------
Melee: War axe           |    75 |    69 ||   144
Armor: Scale mail        |    46 |    29 ||    75
Dodge: Dodged            |    47 |    29 ||    76
